BabaJaga, neutral female human Valkyrie -------- |......|##### ----- |......| # |...+ |....+.%###%%#....| |......| #|...| | |.......### #|..@s ......`.....| -------- #|...| ----- | #|..<. #----- ########` BabaJaga the Skirmisher Experience level: 4 Strength: 15 Dexterity: 16 Constitution: 18 Intelligence: 8 Wisdom: 8 Charisma: 10 Health: 0(37) Energy: 11(11) Def: 6 Gold: 336 Moves: 1595 Dungeon seed: U8QAyImX3vVO9jax Game ID: BabaJaga_1465025496 Your Inventory: Coins $ - 336 gold pieces Weapons a - a blessed +3 spear (weapon in hand) b - a +0 dagger g - a +1 dart o - a +0 dagger Armor e - an uncursed +2 small shield (being worn) n - an uncursed +0 leather armor r - an uncursed +0 studded leather armor (being worn) Comestibles d - an uncursed food ration h - an uncursed fortune cookie l - an uncursed slime mold p - an uncursed lichen corpse q - an uncursed clove of garlic u - an uncursed cream pie v - 2 uncursed sprigs of wolfsbane Scrolls s - an uncursed scroll of blank paper Potions w - an uncursed potion of sickness x - a cursed potion of invisibility z - an uncursed potion of full healing A - an uncursed potion of gain ability Rings m - an uncursed ring of see invisible Wands c - a wand of cold (0:2) k - a wand of enlightenment (0:10) t - a wand of teleportation (0:6) Tools f - an uncursed oil lamp (0:1224) i - an uncursed towel j - a +0 pick-axe Spells and supernatural/magical abilities: Name Level Category Fail Memory W - pray for help -- divine ? -- Your skills at the end: Miscellaneous Skills shield [Basic] wands [Basic] Weapon Skills dagger [Basic] spear [Basic] Spellcasting Skills Final Attributes: You were devoutly aligned. You were cold resistant. You were stealthy. You could fly. You are dead. Vanquished creatures: a baby red dragon a pony a gnome lord a guardian naga hatchling a little dog an iguana a hobbit a green mold 4 jackals 3 foxes 2 kobolds a newt a goblin 3 grid bugs 2 lichens 24 creatures vanquished. Voluntary challenges: You did not adorn yourself with jewelry or accessories. You used a wielded weapon 32 times, starting on turn 96. You did not use tools. You read items or engraved 3 times, starting on turn 542. You never genocided any monsters. You never polymorphed an object. You never changed form. You used no wishes. You never split a pudding. You wrote Elbereth's name 3 times, starting on turn 542. You never violated your personal moral code. Dungeon overview: The Dungeons of Doom: levels 1 to 7 Level 1 a fountain, a sink a long staircase Level 2 Level 3 a long staircase Level 4 some fountains Level 5 Level 6 Level 7 <- You were here History has recorded: On T:1 you entered the Dungeons of Doom to retrieve the Amulet of Yendor! On T:190 you advanced to experience level 2. On T:195 you advanced to experience level 3. On T:428 you reached level 2 of The Dungeons of Doom. On T:865 you reached level 3 of The Dungeons of Doom. On T:955 you advanced to experience level 4. On T:1043 you reached level 4 of The Dungeons of Doom. On T:1296 you reached level 5 of The Dungeons of Doom. On T:1360 you reached level 6 of The Dungeons of Doom. On T:1517 you reached level 7 of The Dungeons of Doom. Score breakdown: Gold: 336 ( 33 points) Experience: 4 levels ( 300 points) Exploration: 7 levels ( 180 points) Discoveries: 1 item ( 50 points) Variety of kills: 15 monsters ( 750 points) Major goal: (nothing yet) ( 0 points) Survival: died (score multiplied by 3) Total score: 3939 Latest messages: You jab the guardian naga hatchling! The guardian naga hatchling bites! You kill the guardian naga hatchling! You see here a guardian naga hatchling corpse. The jackal bites! You kill the jackal! You feel too weak from hunger to explore. You begin praying to Odin. You are surrounded by a shimmering light. You feel that Odin is well-pleased. Your stomach feels content. You stop exploring. The giant spider bites! You jab the giant spider! The giant spider bites! You jab the giant spider. The giant spider bites! You jab the giant spider! The giant spider bites! The giant spider's bite was poisoned! You die... Final status: Farvel BabaJaga the Valkyrie, poisoned by a giant spider... You died in The Dungeons of Doom on dungeon level 7 with 3939 points, and 336 pieces of gold, after 1595 moves. You were level 4 with a maximum of 37 hit points when you died.